 Dungeon Crawl Stone Soup version 0.17-a0-1115-g0372368 (webtiles) character file.

106 HEYYEYAAE the Shield-Bearer (level 4, -2/31 HPs)
             Began as an Octopode Fighter on May 23, 2015.
             Slain by Sigmund
             ... wielding a +0 scythe
              (13 damage)
             ... on level 3 of the Dungeon.
             The game lasted 00:01:55 (1886 turns).

HEYYEYAAE the Shield-Bearer (Octopode Fighter)      Turns: 1886, Time: 00:01:55

Health: -2/31      AC:  1    Str: 20      XL:     4   Next: 84%
Magic:  4/4        EV: 11    Int:  7 (10) God:
Gold:   126        SH: 10    Dex: 12      Spells: 0 memorised, 3 levels left

rFire  . . .     SeeInvis .     e - +0 whip (elec)
rCold  . . .     Clarity  .     b - +1 shield
rNeg   . . .     SustAt   .     (helmet restricted)
rPois  .         Gourm    .     (no amulet)
rElec  .         Spirit   .     (no ring)
rCorr  .         Warding  .     (no ring)
rMut   .         Stasis   .     (no ring)
MR     .....                    (no ring)
Stlth  ++........               (no ring)
                                (no ring)
                                (no ring)
                                (no ring)

@: mighty, flying, not resistant to hostile enchantments, unstealthy
A: almost no armour, amphibious, 8 rings, constrict 8, camouflage 1, gelatinous
body 1
a: no special abilities


You were on level 3 of the Dungeon.
You were very hungry.

You visited 1 branch of the dungeon, and saw 3 of its levels.

You collected 126 gold pieces.

Inventory:

Hand weapons
 a - a +0 war axe
 e - a +0 whip of electrocution (weapon)
 p - a +1 falchion
Armour
 b - a +1 shield (worn)
Scrolls
 l - a scroll of recharging
Potions
 c - a potion of might
Comestibles
 d - 2 bread rations
 g - 3 fruits
 h - a beef jerky


   Skills:
 + Level 3.4 Fighting
 + Level 2.6 Axes
 * Level 3.7 Dodging
 * Level 4.1 Shields


You had 3 spell levels left.
You didn't know any spells.

Dungeon Overview and Level Annotations

Branches:
Dungeon (3/15)

Altars:
Trog

Annotations:
D:3 Sigmund


Innate Abilities, Weirdness & Mutations

You cannot wear most types of armour.
You are amphibious.
You can wear up to eight rings at the same time.
You can use your tentacles to constrict eight enemies at once.
Your skin changes colour to match your surroundings (Stealth).
Your rubbery body absorbs attacks (AC +1).


Message History

You bump into the rock wall.
Something hits you!
* * * LOW HITPOINT WARNING * * *
Drink which item? (? for menu, Esc to quit)
You feel much better.
Drink which item? (? for menu, Esc to quit)
It was a potion of flight.
You feel very buoyant.
You fly up into the air.
Something hits you!
* * * LOW HITPOINT WARNING * * *
Drink which item? (? for menu, Esc to quit)
It was a potion of magic.
Magic courses through your body. Something hits you.
* * * LOW HITPOINT WARNING * * *
Drink which item? (? for menu, Esc to quit)
It was a potion of degeneration.
There was something very wrong with that liquid.
You feel dopey.
You feel less confused.
Drink which item? (? for menu, Esc to quit)
It was a potion of curing.
You feel better. Something hits you!
You die...

###########
#.@.......#
#.#######.#########
#{# #.#....))..
..#######.#.#######
#####........#
#.####.### #.# #.#
#.#


There were no monsters in sight!

Vanquished Creatures
  3 adders (D:2)
  4 gnolls (D:3)
  6 bats
  3 giant cockroaches
  5 goblins
  3 hobgoblins
  5 jackals (D:1)
  4 kobolds
  A giant newt (D:2)
  2 quokkas (D:2)
  13 rats
49 creatures vanquished.

Notes
Turn   | Place    | Note
--------------------------------------------------------------
     0 | D:1      | HEYYEYAAE the Octopode Fighter began the quest for the Orb.
     0 | D:1      | Reached XP level 1. HP: 16/16 MP: 1/1
   131 | D:1      | Reached XP level 2. HP: 18/21 MP: 2/2
   725 | D:2      | Reached XP level 3. HP: 24/26 MP: 3/3
  1277 | D:2      | Reached XP level 4. HP: 22/31 MP: 4/4
  1552 | D:2      | Noticed a moth of wrath
  1555 | D:2      | Found a bloodstained altar of Trog.
  1699 | D:3      | Reached skill level 4 in Shields
  1875 | D:3      | Noticed Sigmund
  1884 | D:3      | HP: 1/31 [something (5)]
  1886 | D:3      | Slain by Sigmund

Vault maps used:
D:1:      lemuel_arrival_river_ford
D:2:      tgw_trog, serial_co_window_serial, co_window_of_opportunity_a,
          co_window_corner_a, co_window_cross_1, co_window_corner_a,
          co_window_paths_a, co_window_of_opportunity_b, co_window_broadway_a,
          co_window_of_opportunity_c, co_window_corner_ca, co_window_paths_d,
          co_window_sun, glass_columns_b, glass_columns_c, glass_columns_a,
          glass_columns_a, glass_columns_a, kennysheep_generic_room_12
D:3:      kennysheep_generic_room_13, uniq_sigmund, uniq_iyjb, uniq_jessica

Action                   |  1- 3 |  4- 6 || total
-------------------------+-------+-------++-------
Melee: War axe           |    56 |    13 ||    69
       Falchion          |       |    18 ||    18
       Whip              |       |     1 ||     1
  Use: Potion            |       |     7 ||     7
       Scroll            |       |     5 ||     5
 Stab: Sleeping          |     3 |       ||     3
  Eat: Chunk             |     1 |     1 ||     2
